 Dungeon Crawl Stone Soup version 0.30-a0-165-g1891117ce2 (webtiles) character file.

Game seed: 13716202980929593986

19966 qw the Cleaver (level 12, -3/77 HPs)
             Began as a Gargoyle Fighter on Sept 28, 2022.
             Was a High Priest of Okawaru.
             Slain by a death yak (6 damage)
             ... on level 3 of the Lair of Beasts.
             The game lasted 00:04:42 (12643 turns).

qw the Cleaver (Gargoyle Fighter)                  Turns: 12643, Time: 00:04:42

Health: -3/77      AC: 34    Str: 31    XL:     12   Next: 74%
Magic:  14/19      EV: 10    Int:  9    God:    Okawaru [*****.]
Gold:   169        SH:  6    Dex:  9    Spells: 11/11 levels left

rFire   . . .      SeeInvis .    Y - +4 war axe (chaos)
rCold   . . .      Faith    .    c - +0 buckler
rNeg    + . .      Spirit   .    r - +0 plate armour
rPois   inf        Reflect  .    l - +0 helmet
rElec   +          Harm     .    n - +0 cloak
rCorr   +          Rampage  .    a - +0 pair of gloves
Will    .....                    q - +1 pair of boots
Stlth   ..........               (no amulet)
HPRegen 0.22/turn                g - ring of resist corrosion
MPRegen 0.16/turn                t - +6 ring of strength

@: about to teleport, heroic, finesse-ful
A: sickness immunity, AC +8, negative energy resistance 1, electricity
resistance, torment resistance 1, petrification resistance, iridescent scales 1,
mutation resistance 1
a: Renounce Religion, Heroism, Finesse, Duel


You were on level 3 of the Lair of Beasts.
You worshipped Okawaru.
Okawaru was extremely pleased with you.
You visited 3 branches of the dungeon, and saw 13 of its levels.
You also visited: Ossuary.

You collected 617 gold pieces.
You spent 448 gold pieces at shops.


Innate Abilities, Weirdness & Mutations

You are immune to sickness and miasma.
Your stone body is resilient. (AC +8)
You are immune to poison.
You resist negative energy. (rN+)
You are resistant to electric shocks. (rElec)
You are resistant to unholy torment.
You are immune to petrification.
You are partially covered in iridescent scales. (AC +2)
You are somewhat resistant to further mutation.


   Skills:
 - Level 10.0(15.0) Fighting
 + Level 12.5(17.5) Axes
 - Level 1.9(6.9) Throwing
 - Level 9.0(14.0) Armour
 - Level 2.0(7.0) Dodging
 - Level 6.4(11.4) Shields
 - Level 10.0 Invocations


You had 11 spell levels left.
You didn't know any spells.
Your spell library was empty.

Inventory:

Hand Weapons
 u - a +3 morningstar of protection
 Y - a +4 war axe of chaos (weapon)
Missiles
 o - 4 boomerangs (quivered)
Armour
 a - a +0 pair of gloves (worn)
 c - a +0 buckler (worn)
 l - a +0 helmet (worn)
 n - a +0 cloak (worn)
 q - a +1 pair of boots (worn)
 r - a +0 plate armour (worn)
Jewellery
 g - a ring of resist corrosion (left hand)
 p - a ring of resist corrosion
 t - a +6 ring of strength (right hand)
Wands
 s - a wand of digging (12)
Scrolls
 j - 11 scrolls of identify
 k - 7 scrolls of teleportation
Potions
 b - 4 potions of attraction
 d - 6 potions of might
 e - 3 potions of magic
 f - 6 potions of lignification
 h - a potion of mutation
 i - 5 potions of curing
 m - 2 potions of haste

Dungeon Overview and Level Annotations

Branches:
Dungeon (9/15)             Temple (1/1) D:4            Lair (3/5) D:9
  Swamp (0/4) Lair:2      Ossuary (visited)
  Snake: Lair:2-3    Spider: Lair:2-3       Orc: D:9-12

Altars:
Ashenzari
Cheibriados
Dithmenos
Elyvilon
Fedhas
Gozag
Hepliaklqana
Kikubaaqudgha
Makhleb
Nemelex Xobeh
Okawaru
Qazlal
Ru
Sif Muna
Trog
Uskayaw
Vehumet
Wu Jian
Xom
Yredelemnul
Zin
The Shining One

Shops:
D:9 ![=

Annotations:
D:4 1 runed translucent door, qw's ghost, amateur GrFi


Message History

The death yak gores you but does no damage.
The death yak gores you! Something completely misses you.
The death yak gores you but does no damage.
You slice the death yak!!
Lightning courses through the death yak!
The death yak is severely wounded.
You hit something but do no damage.
Nothing appears to happen.
You barely miss the death yak. You slash the death yak!
You feel better.
You barely miss the death yak.
The death yak is severely wounded.
You hit the death yak but do no damage.
Lightning courses through the death yak!
You slash something! Lightning courses through something!
You hit the death yak. You slash the death yak!
The death yak is poisoned.
The death yak is almost dead.
You hit the death yak but do no damage. You hit something.
Nothing appears to happen.
You slash the death yak! You freeze the death yak.
Something gores you but does no damage. The death yak gores you.
The death yak barely misses you. You block the death yak's attack.
12641 ||| READING 8 scrolls of teleportation.
As you read the scroll of teleportation, it crumbles to dust.
You feel strangely unstable. Something gores you but does no damage.
The death yak gores you but does no damage.
The death yak gores you!
The death yak gores you but does no damage.
You hit the death yak but do no damage.
The death yak is almost dead.
You hit something but do no damage. You slash the death yak!
You freeze the death yak. You completely miss the death yak.
Something gores you but does no damage.
You slice the death yak!!
You kill the death yak!
Okawaru accepts your kill.
You slash the death yak!
The death yak resists with almost no effort.
You slash something! You burn something. You hit the death yak.
You burn the death yak. Something gores you.
You die...

##.........).. .......
##.......7..... .......
##.....#........
.......
#...7...........
.......
#.....#...7...#.
.......
#.....#.......#.
.......##.....#......##
......%{#.+#+###.....#
......Y@)....# ##+...#
......Y###.#.# ....
....... ## # .......
....... ....... ....#..
....~..


You could see 2 death yaks.

Vanquished Creatures
  A hydra (Lair:3)
  Erica (D:9)
  4 death yaks (Lair:3)
  A salamander (shapeshifter) (Lair:2)
  Maurice (D:9)
  4 elephants (Lair:2)
  9 cane toads
  Psyche (D:9)
  2 unseen horror zombies (D:8)
  3 komodo dragons
  A meliai (shapeshifter) (D:9)
  A polar bear (Lair:2)
  4 blink frogs (Lair:2)
  Prince Ribbit (D:9)
  2 wyverns
  21 yaks
  A vampire (D:9)
  A steam dragon (D:8)
  7 water moccasins
  A sky beast (D:8)
  An orc warrior (D:9)
  2 black bears (D:7)
  A hornet zombie (D:8)
  3 ogres
  9 wolves (Lair:2)
  2 centaurs
  A phantom (D:6)
  4 elf zombies (Ossuary)
  2 kobold brigands (D:9)
  3 necrophages
  5 bullfrogs
  2 wyvern zombies (D:8)
  2 scorpions
  9 wights
  5 killer bees (D:7)
  3 electric eels (Lair:2)
  3 howler monkeys
  8 centaur zombies
  5 human zombies (Ossuary)
  5 jellies
  A gnoll bouda (D:4)
  6 orc priests
  6 hounds
  4 iguanas
  Terence (D:3)
  7 orc wizards
  4 killer bee zombies (D:8)
  3 mummies (Ossuary)
  A howler monkey zombie (D:8)
  3 adders
  6 gnolls
  2 white imps (D:6)
  A worm (D:3)
  6 dart slugs
  36 orcs
  5 ball pythons
  6 bats
  7 endoplasms
  3 giant cockroaches
  6 goblins
  4 hobgoblins
  7 jackals
  2 quokkas
  A frilled lizard (D:2)
  13 kobolds
  4 rats
287 creatures vanquished.

Vanquished Creatures (others)
  An orc wizard (D:6)
  4 fungi (Lair:2)
  22 plants
27 creatures vanquished.

Grand Total: 314 creatures vanquished

Notes
Turn   | Place    | Note
-------+----------+-------------------------------------------
     0 | D:1      | qw the Gargoyle Fighter began the quest for the Orb.
     0 | D:1      | Reached XP level 1. HP: 14/14 MP: 1/1
     0 | D:1      | 0 ||| qw: Version: 0.2-a-12-gaebbb33
     0 | D:1      | 0 ||| qw: Game counter: 911
     0 | D:1      | 0 ||| qw: Always use a shield: true
     0 | D:1      | 0 ||| qw: God list: Okawaru
     0 | D:1      | 0 ||| qw: Allow faded altars: false
     0 | D:1      | 0 ||| qw: Do Orc after D:15 true
     0 | D:1      | 0 ||| qw: Do second Lair branch before Depths: true
     0 | D:1      | 0 ||| qw: Lair rune preference: random
     0 | D:1      | 0 ||| qw: Plans: Normal, Zot:1-4, God:TSO, Crypt, Tomb,
                  | Pan, Slime:5, Hells, Abyss, Orb
     0 | D:1      | 0 ||| PLANNING D:1-11
    48 | D:1      | Reached skill level 2 in Axes
   233 | D:1      | Reached XP level 2. HP: 15/19 MP: 2/2
   580 | D:1      | Found a faded altar of an unknown god.
   946 | D:1      | 946 ||| Stepping ~*~*~tactically~*~*~ (hiding).
   948 | D:1      | 948 ||| Stepping ~*~*~tactically~*~*~ (hiding).
   956 | D:1      | Reached skill level 3 in Axes
  1200 | D:1      | 1200 ||| UPGRADING to +0 chain mail.
  1210 | D:1      | 1210 ||| DROPPING +0 scale mail.
  1211 | D:1      | 1211 ||| READING scroll labelled WINISO WYPN.
  1212 | D:1      | 1212 ||| READING scroll labelled ANUGIU KEPY.
  1213 | D:1      | 1213 ||| READING scroll labelled FOUDET BYFUF.
  1214 | D:1      | 1214 ||| READING 2 scrolls labelled XITTIV VUYSU.
  1311 | D:2      | Reached XP level 3. HP: 22/23 MP: 3/3
  1330 | D:2      | 1330 ||| Stepping ~*~*~tactically~*~*~ (stealth).
  1333 | D:2      | 1333 ||| Stepping ~*~*~tactically~*~*~ (stealth).
  1336 | D:2      | 1336 ||| Stepping ~*~*~tactically~*~*~ (stealth).
  1337 | D:2      | 1337 ||| Stepping ~*~*~tactically~*~*~ (stealth).
  1338 | D:2      | 1338 ||| Stepping ~*~*~tactically~*~*~ (stealth).
  1341 | D:2      | 1341 ||| Stepping ~*~*~tactically~*~*~ (stealth).
  1482 | D:2      | 1482 ||| DROPPING +0 club.
  1577 | D:2      | 1577 ||| Stepping ~*~*~tactically~*~*~ (stealth).
  1578 | D:2      | 1578 ||| Stepping ~*~*~tactically~*~*~ (stealth).
  2199 | D:2      | 2199 ||| UPGRADING to +0 pair of gloves.
  2204 | D:2      | 2204 ||| READING scroll labelled TUPSYRUCRIDI.
  2205 | D:2      | 2205 ||| READING 2 scrolls labelled PUJARA JOST.
  2206 | D:2      | 2206 ||| READING scroll labelled XOSARCHAVOD.
  2210 | D:2      | 2210 ||| READING scroll labelled FITZUW CEETS.
  2211 | D:2      | 2211 ||| DRINKING 2 black potions.
  2212 | D:2      | 2212 ||| DROPPING scroll of blinking.
  2281 | D:3      | Identified the +5 ring mail of the Dice {rC- Int+5}
  2321 | D:3      | Reached XP level 4. HP: 28/28 MP: 4/4
  2411 | D:3      | 2411 ||| Stepping ~*~*~tactically~*~*~ (hiding).
  2418 | D:3      | Reached skill level 4 in Axes
  2453 | D:3      | Noticed Terence
  2454 | D:3      | 2454 ||| Stepping ~*~*~tactically~*~*~ (hiding).
  2458 | D:3      | Killed Terence
  2459 | D:3      | Reached XP level 5. HP: 26/32 MP: 5/5
  2664 | D:3      | Found an ornate altar of the Wu Jian Council.
  2706 | D:3      | Found a stormy altar of Qazlal.
  2709 | D:3      | Noticed a fire elemental
  2716 | D:3      | Noticed a water elemental
  2719 | D:3      | Noticed an air elemental
  2898 | D:3      | 2898 ||| DROPPING +5 ring mail of the Dice {rC- Int+5}.
  2899 | D:3      | 2899 ||| UPGRADING to +0 cloak.
  2904 | D:3      | 2904 ||| READING scroll labelled RAENLOD NIBIUS.
  2905 | D:3      | 2905 ||| DRINKING 2 blue potions.
  2906 | D:3      | 2906 ||| READING 2 scrolls of identify.
  2906 | D:3      | 2906 ||| IDENTIFYING amethyst potion
  2907 | D:3      | 2907 ||| DROPPING potion of ambrosia.
  2960 | D:4      | Found a staircase to the Ecumenical Temple.
  2961 | D:4      | 2961 ||| PLANNING TEMPLE
  2968 | Temple   | Entered the Ecumenical Temple
  2995 | Temple   | 2995 ||| PLANNING OKAWARU WORSHIP
  3120 | Temple   | Became a worshipper of Warmaster Okawaru
  3121 | Temple   | 3121 ||| PLANNING D:1-11
  3169 | D:4      | Noticed an ogre
  3180 | D:4      | Killed an ogre
  3181 | D:4      | Reached skill level 5 in Axes
  3181 | D:4      | Reached XP level 6. HP: 27/37 MP: 6/6
  3486 | D:4      | 3486 ||| DROPPING +0 whip.
  3490 | D:4      | 3490 ||| Stepping ~*~*~tactically~*~*~ (hiding).
  3492 | D:4      | 3492 ||| Stepping ~*~*~tactically~*~*~ (hiding).
  3496 | D:4      | 3496 ||| STAIRDANCE
  3599 | D:3      | 3599 ||| DROPPING ring of wizardry.
  3600 | D:3      | 3600 ||| READING scroll labelled LAKICL SIWIH.
  3601 | D:3      | 3601 ||| DRINKING 2 murky green potions.
  3602 | D:3      | 3602 ||| DROPPING potion of degeneration.
  3631 | D:4      | 3631 ||| DRINKING 2 potions of curing.
  3631 | D:4      | 3631 ||| (to cure confusion)
  3633 | D:4      | Reached skill level 6 in Axes
  3853 | D:4      | Found a runed translucent door.
  3853 | D:4      | Noticed qw's ghost (amateur GrFi)
  3863 | D:4      | 3863 ||| READING scroll of brand weapon.
  3863 | D:4      | 3863 ||| BRANDING +1 war axe of protection.
  3898 | D:4      | Reached XP level 7. HP: 43/43 MP: 7/7
  4014 | D:4      | 4014 ||| Stepping ~*~*~tactically~*~*~ (stealth).
  4167 | D:4      | 4167 ||| DRINKING 2 fuming blue potions.
  4168 | D:4      | 4168 ||| READING 2 scrolls of identify.
  4168 | D:4      | 4168 ||| IDENTIFYING bubbling white potion
  4182 | D:5      | Entered Level 5 of the Dungeon
  4189 | D:5      | 4189 ||| Stepping ~*~*~tactically~*~*~ (hiding).
  4223 | D:5      | Reached * piety under Okawaru
  4225 | D:5      | 4225 ||| FLEEEEING.
  4226 | D:5      | 4226 ||| FLEEEEING.
  4227 | D:5      | 4227 ||| FLEEEEING.
  4228 | D:5      | 4228 ||| FLEEEEING.
  4229 | D:5      | 4229 ||| FLEEEEING.
  4230 | D:5      | 4230 ||| FLEEEEING.
  4231 | D:5      | 4231 ||| FLEEEEING.
  4232 | D:5      | 4232 ||| FLEEEEING.
  4233 | D:5      | 4233 ||| FLEEEEING.
  4234 | D:5      | 4234 ||| FLEEEEING.
  4235 | D:5      | 4235 ||| FLEEEEING.
  4236 | D:5      | 4236 ||| FLEEEEING.
  4237 | D:5      | 4237 ||| STAIRDANCE
  4437 | D:5      | Reached skill level 7 in Axes
  4437 | D:5      | Reached skill level 1 in Invocations
  4437 | D:5      | 4437 ||| STAIRDANCE
  4600 | D:5      | 4600 ||| Stepping ~*~*~tactically~*~*~ (stealth).
  4634 | D:5      | 4634 ||| Stepping ~*~*~tactically~*~*~ (stealth).
  4635 | D:5      | 4635 ||| INVOKING Heroism.
  4644 | D:5      | Reached skill level 3 in Invocations
  4644 | D:5      | Reached XP level 8. HP: 49/49 MP: 7/10
  4760 | D:5      | 4760 ||| READING 3 scrolls of identify.
  4760 | D:5      | 4760 ||| IDENTIFYING bubbling cyan potion
  4761 | D:5      | 4761 ||| READING 2 scrolls of identify.
  4761 | D:5      | 4761 ||| IDENTIFYING fizzy ruby potion
  4762 | D:5      | 4762 ||| DROPPING potion of flight.
  4763 | D:5      | 4763 ||| DROPPING potion of invisibility.
  4786 | D:6      | 4786 ||| PLANNING OSSUARY
  4801 | D:6      | 4801 ||| INVOKING Heroism.
  4882 | D:6      | Found an opulent altar of Gozag.
  5097 | D:6      | 5097 ||| READING scroll of enchant weapon.
  5097 | D:6      | 5097 ||| ENCHANTING +1 war axe of chaos.
  5120 | D:6      | 5120 ||| Stepping ~*~*~tactically~*~*~ (hiding).
  5121 | D:6      | 5121 ||| INVOKING Heroism.
  5128 | D:6      | Reached skill level 1 in Dodging
  5236 | D:6      | Reached ** piety under Okawaru
  5237 | D:6      | Reached skill level 1 in Throwing
  5302 | D:6      | Found a sand-covered staircase.
  5303 | D:6      | 5303 ||| UPGRADING to ring of resist corrosion.
  5304 | D:6      | 5304 ||| DROPPING +6 ring of intelligence.
  5309 | Ossuary  | Entered an ossuary
  5317 | Ossuary  | 5317 ||| INVOKING Heroism.
  5402 | Ossuary  | 5402 ||| INVOKING Heroism.
  5411 | Ossuary  | Reached skill level 8 in Axes
  5451 | Ossuary  | 5451 ||| INVOKING Heroism.
  5464 | Ossuary  | Reached skill level 6 in Fighting
  5464 | Ossuary  | Reached XP level 9. HP: 54/55 MP: 10/12
  5484 | Ossuary  | 5484 ||| READING scroll labelled LIGEFI SEZY.
  5485 | Ossuary  | 5485 ||| DRINKING 2 white potions.
  5485 | Ossuary  | Gained mutation: You are partially covered in iridescent
                  | scales. (AC +2) [potion of mutation]
  5485 | Ossuary  | Gained mutation: You have sharp fingernails. [potion of
                  | mutation]
  5485 | Ossuary  | Gained mutation: You are occasionally teleported next to
                  | monsters. [potion of mutation]
  5486 | Ossuary  | 5486 ||| DRINKING potion of mutation.
  5486 | Ossuary  | Lost mutation: You have sharp fingernails. [potion of
                  | mutation]
  5486 | Ossuary  | Lost mutation: You are occasionally teleported next to
                  | monsters. [potion of mutation]
  5486 | Ossuary  | Lost mutation: You are partially covered in iridescent
                  | scales. (AC +2) [potion of mutation]
  5486 | Ossuary  | Gained mutation: You possess an exceptional clarity of
                  | mind. [potion of mutation]
  5486 | Ossuary  | Lost mutation: You possess an exceptional clarity of mind.
                  | [potion of mutation]
  5486 | Ossuary  | Gained mutation: You are partially covered in iridescent
                  | scales. (AC +2) [potion of mutation]
  5486 | Ossuary  | Gained mutation: You are somewhat resistant to further
                  | mutation. [potion of mutation]
  5487 | Ossuary  | 5487 ||| READING 4 scrolls of identify.
  5487 | Ossuary  | 5487 ||| IDENTIFYING murky amethyst potion
  5488 | Ossuary  | 5488 ||| DROPPING potion of brilliance.
  5498 | D:6      | 5498 ||| PLANNING D:1-11
  5569 | D:6      | 5569 ||| INVOKING Heroism.
  5728 | D:6      | 5728 ||| INVOKING Heroism.
  5852 | D:6      | 5852 ||| Stepping ~*~*~tactically~*~*~ (stealth).
  5854 | D:6      | 5854 ||| Stepping ~*~*~tactically~*~*~ (hiding).
  5859 | D:6      | 5859 ||| Stepping ~*~*~tactically~*~*~ (hiding).
  5860 | D:6      | 5860 ||| Stepping ~*~*~tactically~*~*~ (hiding).
  5863 | D:6      | 5863 ||| INVOKING Heroism.
  6383 | D:7      | 6383 ||| Stepping ~*~*~tactically~*~*~ (hiding).
  6523 | D:7      | 6523 ||| Stepping ~*~*~tactically~*~*~ (stealth).
  6525 | D:7      | 6525 ||| Stepping ~*~*~tactically~*~*~ (stealth).
  6530 | D:7      | Reached skill level 9 in Axes
  6545 | D:7      | 6545 ||| INVOKING Heroism.
  6575 | D:7      | Identified the +3 longbow "Omnina Oret" {speed, Int+3}
  6578 | D:7      | 6578 ||| INVOKING Heroism.
  6589 | D:7      | Reached *** piety under Okawaru
  6693 | D:7      | 6693 ||| INVOKING Heroism.
  6817 | D:7      | 6817 ||| INVOKING Heroism.
  6873 | D:7      | 6873 ||| Stepping ~*~*~tactically~*~*~ (stealth).
  6876 | D:7      | 6876 ||| Stepping ~*~*~tactically~*~*~ (hiding).
  6877 | D:7      | 6877 ||| INVOKING Heroism.
  6988 | D:7      | 6988 ||| INVOKING Heroism.
  7220 | D:7      | 7220 ||| INVOKING Heroism.
  7264 | D:7      | Found a broken altar of Ashenzari.
  7359 | D:7      | 7359 ||| UPGRADING to +0 helmet.
  7364 | D:7      | 7364 ||| UPGRADING to +1 pair of boots.
  7369 | D:7      | 7369 ||| READING scroll labelled DUATOTUSOU.
  7370 | D:7      | 7370 ||| READING scroll labelled NINGOL HICS.
  7506 | D:8      | Reached XP level 10. HP: 60/63 MP: 13/13
  7538 | D:8      | Reached skill level 6 in Armour
  7572 | D:8      | Reached skill level 10 in Axes
  7667 | D:8      | 7667 ||| Stepping ~*~*~tactically~*~*~ (cloud).
  7670 | D:8      | 7670 ||| INVOKING Heroism.
  7720 | D:8      | 7720 ||| Stepping ~*~*~tactically~*~*~ (stealth).
  7724 | D:8      | 7724 ||| Stepping ~*~*~tactically~*~*~ (stealth).
  7730 | D:8      | 7730 ||| Stepping ~*~*~tactically~*~*~ (stealth).
  7732 | D:8      | 7732 ||| Stepping ~*~*~tactically~*~*~ (stealth).
  7733 | D:8      | 7733 ||| Stepping ~*~*~tactically~*~*~ (stealth).
  7768 | D:8      | 7768 ||| INVOKING Heroism.
  7931 | D:8      | Reached **** piety under Okawaru
  7963 | D:8      | 7963 ||| INVOKING Heroism.
  7982 | D:8      | 7982 ||| Stepping ~*~*~tactically~*~*~ (stealth).
  8070 | D:8      | 8070 ||| Stepping ~*~*~tactically~*~*~ (stealth).
  8071 | D:8      | 8071 ||| INVOKING Heroism.
  8447 | D:8      | 8447 ||| READING scroll labelled PENYRR MUSSENA.
  8496 | D:9      | Found Ochaowy's Distillery.
  8499 | D:9      | 8499 ||| BUYING 2 potions of haste (280 gold).
  8499 | D:9      | Bought 2 potions of haste for 280 gold pieces
  8499 | D:9      | 8499 ||| BUYING 2 potions of lignification (84 gold).
  8499 | D:9      | Bought 2 potions of lignification for 84 gold pieces
  8499 | D:9      | 8499 ||| BUYING potion of attraction (42 gold).
  8499 | D:9      | Bought a potion of attraction for 42 gold pieces
  8499 | D:9      | 8499 ||| BUYING potion of curing (42 gold).
  8499 | D:9      | Bought a potion of curing for 42 gold pieces
  8499 | D:9      | 8499 ||| SHOPLISTING potion of curing (42 gold, have 28).
  8499 | D:9      | 8499 ||| SHOPLISTING potion of haste (140 gold, have 28).
  8499 | D:9      | 8499 ||| SHOPLISTING potion of might (56 gold, have 28).
  8499 | D:9      | 8499 ||| SHOPLISTING potion of resistance (140 gold, have
                  | 28).
  8507 | D:9      | 8507 ||| Stepping ~*~*~tactically~*~*~ (stealth).
  8509 | D:9      | 8509 ||| Stepping ~*~*~tactically~*~*~ (stealth).
  8512 | D:9      | 8512 ||| Stepping ~*~*~tactically~*~*~ (stealth).
  8513 | D:9      | 8513 ||| Stepping ~*~*~tactically~*~*~ (stealth).
  8514 | D:9      | 8514 ||| INVOKING Heroism.
  8539 | D:9      | 8539 ||| Stepping ~*~*~tactically~*~*~ (stealth).
  8540 | D:9      | 8540 ||| Stepping ~*~*~tactically~*~*~ (hiding).
  8541 | D:9      | 8541 ||| Stepping ~*~*~tactically~*~*~ (hiding).
  8567 | D:9      | Found Xueworep's Antique Armour Boutique.
  8576 | D:9      | 8576 ||| SHOPLISTING pair of embroidered gloves (255 gold,
                  | have 28).
  8576 | D:9      | 8576 ||| SHOPLISTING plate armour (782 gold, have 28).
  8576 | D:9      | 8576 ||| SHOPLISTING shiny ring mail (238 gold, have 28).
  8576 | D:9      | Noticed Prince Ribbit
  8589 | D:9      | Killed Prince Ribbit
  8594 | D:9      | Noticed Psyche
  8595 | D:9      | 8595 ||| INVOKING Heroism.
  8608 | D:9      | Killed Psyche
  8743 | D:9      | 8743 ||| Stepping ~*~*~tactically~*~*~ (hiding).
  8745 | D:9      | 8745 ||| Stepping ~*~*~tactically~*~*~ (hiding).
  8746 | D:9      | 8746 ||| Stepping ~*~*~tactically~*~*~ (hiding).
  8750 | D:9      | 8750 ||| INVOKING Heroism.
  8754 | D:9      | 8754 ||| Stepping ~*~*~tactically~*~*~ (stealth).
  8759 | D:9      | 8759 ||| Stepping ~*~*~tactically~*~*~ (stealth).
  8835 | D:9      | Found a staircase to the Lair.
  8837 | D:9      | 8837 ||| INVOKING Heroism.
  8857 | D:9      | Noticed Erica
  8879 | D:9      | 8879 ||| DRINKING 6 potions of curing.
  8879 | D:9      | 8879 ||| (to cure confusion)
  8886 | D:9      | 8886 ||| DRINKING 5 potions of curing.
  8886 | D:9      | 8886 ||| (to cure confusion)
  8887 | D:9      | Killed Erica
  8888 | D:9      | Reached skill level 6 in Invocations
  9037 | D:9      | Found a hide-covered altar of Uskayaw.
  9038 | D:9      | Noticed a +0 hand axe
  9039 | D:9      | Noticed a +0 hand axe
  9054 | D:9      | Found Guckia's Jewellery Boutique.
  9061 | D:9      | 9061 ||| SHOPLISTING amulet of regeneration (450 gold, have
                  | 45).
  9061 | D:9      | 9061 ||| SHOPLISTING ring "Xiopoegu" {rElec rC++ MP-9 Str+6
                  | SInv} (792 gold, have 45).
  9061 | D:9      | 9061 ||| SHOPLISTING ring of Ruityuh {Int+4 Dex+6 SInv}
                  | (834 gold, have 45).
  9061 | D:9      | 9061 ||| SHOPLISTING ring of protection from cold (375
                  | gold, have 45).
  9061 | D:9      | 9061 ||| SHOPLISTING ring of protection from fire (375
                  | gold, have 45).
  9091 | D:9      | Found a snail-covered altar of Cheibriados.
  9096 | D:9      | Noticed Maurice
  9103 | D:9      | 9103 ||| INVOKING Heroism.
  9107 | D:9      | Reached XP level 11. HP: 44/68 MP: 12/16
  9112 | D:9      | Killed Maurice
  9112 | D:9      | Reached ***** piety under Okawaru
  9127 | D:9      | Reached skill level 11 in Axes
  9367 | D:9      | Identified the +11 short sword of Fagoarha {holy, *Rage rF+
                  | SInv}
  9380 | D:9      | 9380 ||| Stepping ~*~*~tactically~*~*~ (hiding).
  9381 | D:9      | 9381 ||| Stepping ~*~*~tactically~*~*~ (hiding).
  9383 | D:9      | 9383 ||| Stepping ~*~*~tactically~*~*~ (hiding).
  9384 | D:9      | 9384 ||| Stepping ~*~*~tactically~*~*~ (hiding).
  9385 | D:9      | 9385 ||| Stepping ~*~*~tactically~*~*~ (hiding).
  9386 | D:9      | 9386 ||| INVOKING Heroism.
  9470 | D:9      | 9470 ||| PLANNING LAIR
  9470 | D:9      | 9470 ||| UPGRADING to +0 plate armour.
  9480 | D:9      | 9480 ||| DROPPING +0 chain mail.
  9509 | Lair:1   | Entered Level 1 of the Lair of Beasts
  9517 | Lair:1   | 9517 ||| INVOKING Heroism.
  9729 | Lair:1   | Identified the +10 sling "Zenku" {flame, Dex+4}
  9736 | Lair:1   | 9736 ||| INVOKING Heroism.
  9909 | Lair:1   | 9909 ||| Stepping ~*~*~tactically~*~*~ (stealth).
  9911 | Lair:1   | 9911 ||| INVOKING Heroism.
 10019 | Lair:1   | 10019 ||| Stepping ~*~*~tactically~*~*~ (stealth).
 10021 | Lair:1   | 10021 ||| INVOKING Heroism.
 10245 | Lair:1   | 10245 ||| INVOKING Heroism.
 10253 | Lair:1   | Reached skill level 9 in Invocations
 10255 | Lair:1   | Reached skill level 9 in Fighting
 10406 | Lair:1   | 10406 ||| INVOKING Heroism.
 10725 | Lair:2   | a shapeshifter changed into a salamander
 10725 | Lair:2   | Noticed a salamander (shapeshifter)
 10729 | Lair:2   | 10729 ||| INVOKING Heroism.
 10733 | Lair:2   | Killed a salamander
 10734 | Lair:2   | 10734 ||| STAIRDANCE
 10939 | Lair:2   | 10939 ||| INVOKING Heroism.
 10997 | Lair:2   | 10997 ||| INVOKING Heroism.
 10998 | Lair:2   | 10998 ||| Stepping ~*~*~tactically~*~*~ (stealth).
 11006 | Lair:2   | Received a gift from Okawaru
 11011 | Lair:2   | Reached skill level 9 in Armour
 11081 | Lair:2   | 11081 ||| READING scroll of enchant weapon.
 11081 | Lair:2   | 11081 ||| ENCHANTING +2 war axe of chaos.
 11097 | Lair:2   | 11097 ||| INVOKING Heroism.
 11114 | Lair:2   | Reached XP level 12. HP: 45/76 MP: 19/19
 11281 | Lair:2   | 11281 ||| INVOKING Heroism.
 11370 | Lair:2   | 11370 ||| INVOKING Heroism.
 11390 | Lair:2   | Received a gift from Okawaru
 11554 | Lair:2   | 11554 ||| DROPPING +0 morningstar.
 11590 | Lair:2   | 11590 ||| Stepping ~*~*~tactically~*~*~ (stealth).
 11594 | Lair:2   | 11594 ||| Stepping ~*~*~tactically~*~*~ (stealth).
 11595 | Lair:2   | 11595 ||| Stepping ~*~*~tactically~*~*~ (stealth).
 11609 | Lair:2   | Reached skill level 12 in Axes
 11609 | Lair:2   | 11609 ||| FLEEEEING.
 11722 | Lair:2   | 11722 ||| FLEEEEING.
 11727 | Lair:2   | 11727 ||| INVOKING Heroism.
 11762 | Lair:2   | Reached skill level 6 in Shields
 11764 | Lair:2   | 11764 ||| INVOKING Heroism.
 11764 | Lair:2   | HP: 19/76 [polar bear (1)]
 11765 | Lair:2   | 11765 ||| READING 9 scrolls of teleportation.
 12094 | Lair:2   | Found a staircase to the Swamp.
 12282 | Lair:2   | 12282 ||| READING scroll of enchant weapon.
 12282 | Lair:2   | 12282 ||| ENCHANTING +3 war axe of chaos.
 12330 | Lair:2   | 12330 ||| Stepping ~*~*~tactically~*~*~ (stealth).
 12334 | Lair:2   | 12334 ||| INVOKING Heroism.
 12501 | Lair:2   | 12501 ||| UPGRADING to +6 ring of strength.
 12548 | Lair:3   | Noticed a five-headed hydra
 12549 | Lair:3   | 12549 ||| INVOKING Heroism.
 12553 | Lair:3   | 12553 ||| INVOKING Finesse.
 12554 | Lair:3   | 12554 ||| SWAPPING to +3 morningstar of protection.
 12561 | Lair:3   | Killed a five-headed hydra
 12562 | Lair:3   | 12562 ||| SWAPPING to +4 war axe of chaos.
 12612 | Lair:3   | Noticed a death yak
 12612 | Lair:3   | Noticed a death yak
 12612 | Lair:3   | Noticed a death yak
 12613 | Lair:3   | 12613 ||| INVOKING Heroism.
 12613 | Lair:3   | Noticed a death yak
 12615 | Lair:3   | Noticed a death yak
 12615 | Lair:3   | Noticed a death yak
 12616 | Lair:3   | 12616 ||| INVOKING Finesse.
 12622 | Lair:3   | Killed a death yak
 12625 | Lair:3   | Killed a death yak
 12634 | Lair:3   | Killed a death yak
 12634 | Lair:3   | Received a gift from Okawaru
 12640 | Lair:3   | HP: 16/77 [death yak (6)]
 12641 | Lair:3   | 12641 ||| READING 8 scrolls of teleportation.
 12641 | Lair:3   | HP: 2/77 [death yak (14)]
 12643 | Lair:3   | Killed a death yak
 12643 | Lair:3   | Slain by a death yak

Levels and vault maps discovered:
D:1:      lightli_arrival_farm, layout_basic, hellmonk_ecumenical_altar_run_dry
D:2:      layout_basic
D:3:      layout_basic, nicolae_qazlal_style_of_elements,
          nzn_wu_jian_council_hall, uniq_terence
D:4:      layout_loops_cross, minmay_temple_entry_trees, ebering_ghost_sewer_d
D:5:      layout_gridville
D:6:      layout_layer_cave, mainiacjoe_overflow_tiny_flanked, enter_ossuary_2
D:7:      layout_loops_cross, mainiacjoe_overflow_alcove_2,
          nicolae_underground_beach
D:8:      layout_loops_ring, serial_undead, serial_undead_d, serial_undead_e,
          serial_undead_f, serial_undead_e
D:9:      layout_cave_pools, dancing_weapons_uskayaw,
          mainiacjoe_overflow_concentric_impassable, david_lair_shrubbed,
          serial_shops, nicolae_stop_n_shop_1, nicolae_stop_n_shop_2, shop,
          uniq_erica, uniq_maurice, uniq_psyche, uniq_prince_ribbit1
Temple:   nicolae_temple_elliptical
Lair:1:   layout_roguey, nzn_random_ring
Lair:2:   layout_roguey, minmay_swamp_entry_eels, grunt_megastairs_2
Lair:3:   layout_gridlike, nicolae_spider_entry_tight_spaces, minivault_23,
          grunt_megastairs_3, serial_bayou_shore_a

Skill      XL: |  1  2  3  4  5  6  7  8  9 10 11 12 |
---------------+-------------------------------------+-----
Axes           | 2 3 4 5 6 7 8 9 10 11 12 | 12.5
Fighting       | 4 5 6 7 8 9 10 | 10.0
Invocations    | 3 4 6 10 | 10.0
Dodging        | 1 2 |  2.0
Throwing       | 1 |  1.9
Armour         | 4 5 7 9 |  9.0
Shields        | 4 5 6 |  6.4

Action                   |  1- 3 |  4- 6 |  7- 9 | 10-12 || total
-------------------------+-------+-------+-------+-------++-------
Melee: War axe           |    83 |    92 |   263 |   476 ||   914
       Morningstar       |       |       |       |     5 ||     5
Throw: Boomerang         |     5 |    21 |    56 |    65 ||   147
Invok: Heroism           |       |       |    16 |    27 ||    43
       Finesse           |       |       |       |     2 ||     2
  Use: Scroll            |     8 |     4 |     8 |     5 ||    25
       Potion            |     1 |     3 |     3 |     2 ||     9
 Stab: Confused          |       |       |     2 |     2 ||     4
       Paralysed         |       |       |     2 |     3 ||     5
Armor: Scale mail        |    18 |       |       |       ||    18
       Chain mail        |    23 |    54 |   122 |   106 ||   305
       Plate armour      |       |       |       |   175 ||   175
Dodge: Dodged            |    40 |    42 |    87 |   133 ||   302
Block: Buckler           |    12 |    17 |    38 |   103 ||   170

Table legend:
 A = Non-vault XP
 B = Vault XP
 C = Vault XP percentage of total XP
 D = Non-vault monster count
 E = Vault monster count
 F = Vault count percentage of total count
                 A         B        C        D         E       F
            +---------+---------+-------+---------+---------+-------
      Total |   23494 |    5853 |  19.9 |     245 |      43 |  14.9
            +---------+---------+-------+---------+---------+-------
        D:1 |      32 |       0 |   0.0 |      16 |       0 |   0.0
        D:2 |      42 |       0 |   0.0 |      17 |       0 |   0.0
        D:3 |      91 |      36 |  28.3 |      20 |       1 |   4.8
        D:4 |     505 |       0 |   0.0 |      26 |       0 |   0.0
        D:5 |     622 |       0 |   0.0 |      12 |       0 |   0.0
        D:6 |     642 |       0 |   0.0 |      18 |       0 |   0.0
        D:7 |    1789 |       0 |   0.0 |      39 |       0 |   0.0
        D:8 |     756 |    1506 |  66.6 |      11 |      16 |  59.3
        D:9 |    2001 |    2281 |  53.3 |      26 |       5 |  16.1
     Lair:1 |    4685 |       0 |   0.0 |      22 |       0 |   0.0
     Lair:2 |    9093 |     314 |   3.3 |      34 |       4 |  10.5
     Lair:3 |    3236 |     866 |  21.1 |       4 |       1 |  20.0
    Ossuary |       0 |     850 | 100.0 |       0 |      16 | 100.0
            +---------+---------+-------+---------+---------+-------
